 Dungeon Crawl Stone Soup version 0.29-a0-284-gf9362112df (webtiles) character file.

Game seed: 5292221943664417711

360 Laraso the Bolt Thrower (level 6, -2/52 HPs)
             Began as a Naga Hunter on Mar 31, 2022.
             Slain by a howler monkey (7 damage)
             ... on level 4 of the Dungeon.
             The game lasted 00:05:05 (3205 turns).

Laraso the Bolt Thrower (Naga Hunter)               Turns: 3205, Time: 00:05:06

Health: -2/52      AC:  8    Str: 14    XL:     6   Next: 65%
Magic:  6/6        EV:  9    Int: 11    God:
Gold:   183        SH:  0    Dex: 14    Spells: 5/5 levels left

rFire   . . .      SeeInvis +   a - +1 hand crossbow
rCold   . . .      Faith    .   (no shield)
rNeg    . . .      Spirit   .   i - +0 leather armour
rPois   +          Reflect  .   d - +2 helmet
rElec   .          Harm     +   k - scarf {harm}
rCorr   .          Rampage  .   f - +1 pair of gloves
Will    .....                   (no barding)
Stlth   ++........              (no amulet)
HPRegen 0.17/turn               (no ring)
MPRegen 0.10/turn               (no ring)

@: very slow
A: AC +2, large, see invisible, deformed body, poison resistance, slowness 2,
spit poison 1, naga tail 1
a: Spit Poison


You were on level 4 of the Dungeon.
You visited 1 branch of the dungeon, and saw 4 of its levels.

You collected 183 gold pieces.

Inventory:

Hand Weapons
 a - a +1 hand crossbow (weapon)
 b - a +2 quarterstaff of chaos
Armour
 d - a +2 helmet (worn)
 f - a +1 pair of gloves (worn)
 h - a +2 cloak
 i - a +0 leather armour (worn)
 k - a scarf of harm (worn)
Jewellery
 l - a ring of ice
Scrolls
 c - 3 scrolls of immolation
 g - a scroll of fog
 j - 2 scrolls of identify
Potions
 e - 2 potions of might
 n - a potion of attraction


   Skills:
 - Level 2.0 Fighting
 * Level 7.1 Crossbows
 - Level 1.5 Dodging
 - Level 1.5 Stealth


You had 5 spell levels left.
You didn't know any spells.
Your spell library contained the following spells:

 Spells                   Type           Power      Damage    Failure   Level
 Foxfire                  Conj/Fire      0%         2x1d4     41%         1
 Conjure Flame            Conj/Fire      0%         6-21      80%         3
 Inner Flame              Hex/Fire       0%         N/A       80%         3
 Flame Wave               Conj/Fire      0%         2d4       99%         4


Dungeon Overview and Level Annotations

Branches:
Dungeon (4/15)
 Temple: D:4-7

Altars:

Shops:
D:1 *   D:3 (*

Annotations:
D:4 Eustachio


Innate Abilities, Weirdness & Mutations

Your serpentine skin is tough. (AC +2)
You have supernaturally acute eyesight. (SInv)
Armour fits poorly on your strangely shaped body.
Your system is resistant to poisons. (rPois)
You cover ground very slowly.
You can spit poison.
You have a snake-like lower body.


Message History

You feel strangely unstable. The phantom hits you.
Shoot: a) +1 hand crossbow
Press: ? - help, Q - select action, (/) - cycle Shift-Dir - straight line, f/p - phantom
Aim: a phantom (lightly damaged, 56% to hit)
You shoot a bolt. The bolt hits the phantom.
The phantom is moderately damaged.
The phantom hits you.
* * * LOW HITPOINT WARNING * * *
The phantom blinks!
You blink.
Shoot: a) +1 hand crossbow
Press: ? - help, Q - select action, (/) - cycle Shift-Dir - straight line, f/p - phantom
Aim: a phantom (moderately damaged, 56% to hit)
You shoot a bolt. The bolt hits the phantom.
The phantom is heavily damaged.
Your surroundings suddenly seem different.
A howler monkey comes into view.
Found an escape hatch in the floor.
Shoot: a) +1 hand crossbow
Press: ? - help, Q - select action, (/) - cycle Shift-Dir - straight line, f - howler monkey
Aim: a howler monkey (asleep, 98% to hit)
You shoot a bolt. The bolt hits the howler monkey.
The howler monkey howls!
The howler monkey is lightly wounded.
Shoot: a) +1 hand crossbow
Press: ? - help, Q - select action, (/) - cycle Shift-Dir - straight line, f/p - howler monkey
Aim: a howler monkey (lightly wounded, 62% to hit)
You shoot a bolt. The bolt hits the howler monkey!
The howler monkey is severely wounded.
An adder comes into view.
The howler monkey hits you.
* * * LOW HITPOINT WARNING * * *
Shoot: a) +1 hand crossbow
Press: ? - help, Q - select action, (/) - cycle Shift-Dir - straight line, f/p - howler monkey
Aim: a howler monkey (severely wounded, 62% to hit)
You shoot a bolt. The bolt hits the howler monkey.
The howler monkey is severely wounded.
The howler monkey hits you.
* * * LOW HITPOINT WARNING * * *
The howler monkey hits you.
You die...

########
####.>....####
.............
#......#
#.h@...#
#.....###
#........
#.S###.### #..
.# #. .# # .#
.#


You could see a howler monkey and an adder.

Vanquished Creatures
  A phantom (D:3)
  A howler monkey (D:4)
  A jelly (D:3)
  Crazy Yiuf (D:2)
  Jessica (D:2)
  An iguana (D:4)
  Robin (D:2)
  5 adders
  2 dart slugs
  4 orcs
  7 ball pythons
  5 endoplasms
  3 giant cockroaches
  14 goblins
  6 hobgoblins
  7 jackals
  4 bats
  6 frilled lizards
  4 kobolds
  4 rats
78 creatures vanquished.

Notes
Turn   | Place    | Note
-------+----------+-------------------------------------------
     0 | D:1      | Laraso the Naga Hunter began the quest for the Orb.
     0 | D:1      | Reached XP level 1. HP: 19/19 MP: 1/1
   178 | D:1      | Reached skill level 4 in Crossbows
   178 | D:1      | Reached XP level 2. HP: 26/26 MP: 2/2
   267 | D:1      | Found Leuquan's Assorted Antiques.
   830 | D:1      | Found a faded altar of an unknown god.
  1100 | D:2      | Noticed Jessica
  1102 | D:2      | Killed Jessica
  1103 | D:2      | Reached XP level 3. HP: 32/32 MP: 3/3
  1199 | D:2      | Reached skill level 5 in Crossbows
  1199 | D:2      | Reached XP level 4. HP: 27/39 MP: 4/4
  1373 | D:2      | Noticed Robin
  1397 | D:2      | Killed Robin
  1877 | D:2      | Found a runed translucent door.
  1878 | D:2      | Noticed Crazy Yiuf
  1885 | D:2      | Killed Crazy Yiuf
  2005 | D:3      | Reached XP level 5. HP: 45/45 MP: 5/5
  2073 | D:3      | Found Ighis's General Store.
  2232 | D:3      | Reached skill level 6 in Crossbows
  2374 | D:3      | Found Onoelal's Weapon Emporium.
  2723 | D:4      | Noticed Eustachio
  2731 | D:4      | Noticed a phantom
  2754 | D:3      | Killed a phantom
  2755 | D:3      | Reached XP level 6. HP: 28/52 MP: 6/6
  3173 | D:4      | Reached skill level 7 in Crossbows
  3205 | D:4      | Slain by a howler monkey

Illustrated notes

Levels and vault maps discovered:
D:1:      nzn_arrival_water_spiral, layout_basic, serial_shops,
          nicolae_shop_competitors_out_of_business,
          shapermc_ecumenical_altar_mp_ritualfount
D:2:      layout_rooms, hangedman_decor_opposing, feat_on_display, uniq_jessica,
          uniq_robin, uniq_crazy_yiuf_cottage
D:3:      layout_loops_ring, serial_shops, nicolae_shop_crystal, shop_statue,
          solitary_fountain, eino_curves_02
D:4:      layout_basic, st_stairs_3, uniq_menkaure, uniq_duvessa, uniq_eustachio

Skill      XL: |  1  2  3  4  5  6 |
---------------+-------------------+-----
Crossbows      | 4 5 6 7 |  7.1
Fighting       | |  2.0
Dodging        | |  1.5
Stealth        | |  1.5

Action                   |  1- 3 |  4- 6 || total
-------------------------+-------+-------++-------
Melee: Hand crossbow     |       |     5 ||     5
       Quarterstaff      |       |     9 ||     9
 Fire: Hand crossbow     |    41 |   214 ||   255
 Abil: Spit Poison       |     7 |     3 ||    10
  Use: Scroll            |     4 |     6 ||    10
       Potion            |       |     3 ||     3
 Stab: Paralysed         |       |     2 ||     2
Armor: Leather armour    |     3 |    68 ||    71
Dodge: Dodged            |     9 |    81 ||    90

Table legend: (Time is in decaauts)
 A = Elapsed time spent in this place.
 B = Non-inter-level travel time spent in this place.
 C = Inter-level travel time spent in this place.
 D = Time resting spent in this place.
 E = Time spent auto-exploring this place.
 F = Levels seen in this place.
 G = Mean time per level.
                   A        B        C        D        E       F      G
               +--------+--------+--------+--------+--------+-----+--------+
         Total |   4147 |   4023 |    124 |    501 |   2895 |   4 | 1036.8 |
       Dungeon |   4147 |   4023 |    124 |    501 |   2895 |   4 | 1036.8 |
               +--------+--------+--------+--------+--------+-----+--------+

Top non-repeatable levels by time:
     D:1: 1503 daAuts
     D:3: 1178 daAuts
     D:2: 1112 daAuts
     D:4: 353 daAuts
